 Dungeon Crawl Stone Soup version 0.25-a0-290-g4a1327ee3a (webtiles) character file.

Game seed: 11337842266439576282, levelgen mode: deterministic

188 floatRand the Shield-Bearer (level 5, -3/47 HPs)
             Began as a Gnoll Fighter on Dec 14, 2019.
             Slain by an ogre
             ... wielding a +0 giant spiked club
              (20 damage)
             ... on level 4 of the Dungeon.
             The game lasted 00:03:15 (3213 turns).

floatRand the Shield-Bearer (Gnoll Fighter)         Turns: 3213, Time: 00:03:15

Health: -3/47      AC:  7    Str: 18    XL:     5   Next: 67%
Magic:  7/7        EV:  9    Int: 10    God:
Gold:   174        SH: 11    Dex: 16    Spells: 7/7 levels left

rFire    . . .     SeeInvis .   a - +0 long sword
rCold    + . .     Gourm    .   c - +0 shield
rNeg     . . .     Faith    .   i - +1 ring mail {rC+}
rPois    .         Spirit   .   (no helmet)
rElec    .         Reflect  .   (no cloak)
rCorr    +         Harm     .   (no gloves)
MR       .....                  (no boots)
Stlth    +.........             p - amulet of the acrobat
HPRegen  0.15/turn              q - ring of resist corrosion
MPRegen  0.10/turn              (no ring)

@: no status effects
A: distributed training, fangs 1, strong nose
a: no special abilities


You were on level 4 of the Dungeon.
You were hungry.

You visited 1 branch of the dungeon, and saw 4 of its levels.

You collected 174 gold pieces.

Inventory:

Hand Weapons
 a - a +0 long sword (weapon)
Missiles
 e - 12 boomerangs (quivered)
 k - 2 atropa-tipped darts
Armour
 b - a +0 scale mail
 c - a +0 shield (worn)
 i - a +1 ring mail of cold resistance (worn)
Magical Staves
 j - an uncursed staff of poison {unknown}
Jewellery
 p - an amulet of the acrobat (around neck)
 q - a ring of resist corrosion (left hand)
 v - a +2 ring of dexterity {unknown}
Wands
 o - a wand of polymorph (10)
Scrolls
 g - 2 scrolls of enchant weapon {unknown}
 l - 2 scrolls of fog {unknown}
 n - 2 scrolls of identify {unknown}
 r - 3 scrolls of remove curse {unknown}
 s - a scroll of amnesia {unknown}
Potions
 d - 3 potions of might
 h - 3 potions of agility {unknown}
 m - a potion of heal wounds {unknown}
 t - a potion of haste {unknown}
 u - a potion of curing {unknown}
 w - a potion of lignification {unknown}
Comestibles
 f - 10 rations


   Skills:
 + Level 6.7 Fighting
 + Level 1.5 Short Blades
 + Level 4.8 Long Blades
 + Level 1.5 Axes
 + Level 1.5 Maces & Flails
 + Level 1.5 Polearms
 + Level 1.5 Staves
 + Level 1.5 Slings
 + Level 1.5 Bows
 + Level 1.5 Crossbows
 + Level 1.5 Throwing
 + Level 6.7 Armour
 + Level 1.5 Dodging
 + Level 1.5 Stealth
 + Level 6.7 Shields
 + Level 1.5 Unarmed Combat
 + Level 1.5 Spellcasting
 + Level 1.2 Conjurations
 + Level 1.2 Hexes
 + Level 1.2 Charms
 + Level 1.2 Summonings
 + Level 1.2 Necromancy
 + Level 1.2 Translocations
 + Level 1.2 Transmutations
 + Level 1.2 Fire Magic
 + Level 1.2 Ice Magic
 + Level 1.2 Air Magic
 + Level 1.2 Earth Magic
 + Level 1.2 Poison Magic
 + Level 1.7 Invocations
 + Level 1.5 Evocations


You had 7 spell levels left.
You didn't know any spells.
Your spell library was empty.

Dungeon Overview and Level Annotations

Branches:
Dungeon (4/15)
 Temple: D:4-7

Altars:
Dithmenos
Hepliaklqana
Makhleb
Nemelex Xobeh
Wu Jian


Innate Abilities, Weirdness & Mutations

Your experience applies equally to all skills.
You have very sharp teeth.
Your uncanny sense of smell can sniff out nearby items.


Message History

The ogre hits you with a +0 giant spiked club!
You block the hound's attack.
Unknown command.
You slash the ogre! You bite the ogre.
The ogre is moderately wounded.
The hound bites you but does no damage. You block the ogre's attack.
You block the hound's attack.
Unknown command.
You slash the ogre!
The ogre is severely wounded.
The hound bites you but does no damage.
The ogre hits you with a +0 giant spiked club!
You block the hound's attack.
Unknown command.
Your shield and ring mail prevent you from hitting the ogre.
The ogre is severely wounded.
The hound barely misses you.
You riposte.
You slash the hound!
The hound is severely wounded.
The ogre hits you with a +0 giant spiked club!!
You die...

########## #.........
########## #.........
#........# #.........
#........# #.........
#..O@....###........<
#..h............(..##
#.$.......#.#......#
#...........##...#....#
..##............##....#
# #.........##.##....#
#...................
...#.......#.........
.................


You could see an ogre and a hound.

Vanquished Creatures
  3 gnolls
  6 adders
  An adder zombie (D:2)
  2 adder skeletons
  2 worms
  4 leopard geckos
  4 orcs (D:3)
  2 bat skeletons (D:2)
  2 giant cockroaches (D:3)
  7 goblins
  10 hobgoblins
  10 kobolds
  3 ball pythons (D:2)
  A ball python zombie (D:2)
  12 bats
  5 frilled lizards
  10 rats
84 creatures vanquished.

Notes
Turn   | Place    | Note
-------+----------+-------------------------------------------
     0 | D:1      | floatRand the Gnoll Fighter began the quest for the Orb.
     0 | D:1      | Reached XP level 1. HP: 23/23 MP: 1/1
   101 | D:1      | Reached XP level 2. HP: 25/29 MP: 2/2
   353 | D:1      | Reached XP level 3. HP: 35/35 MP: 3/3
  1026 | D:2      | Reached skill level 1 in Invocations
  1291 | D:2      | Found a sparkling altar of Nemelex Xobeh.
  1309 | D:2      | Found a shadowy altar of Dithmenos.
  1315 | D:2      | Reached skill level 1 in Short Blades
  1315 | D:2      | Reached skill level 1 in Axes
  1315 | D:2      | Reached skill level 1 in Maces & Flails
  1315 | D:2      | Reached skill level 1 in Polearms
  1315 | D:2      | Reached skill level 1 in Staves
  1315 | D:2      | Reached skill level 1 in Slings
  1315 | D:2      | Reached skill level 1 in Bows
  1315 | D:2      | Reached skill level 1 in Crossbows
  1315 | D:2      | Reached skill level 1 in Throwing
  1315 | D:2      | Reached skill level 1 in Dodging
  1315 | D:2      | Reached skill level 1 in Stealth
  1315 | D:2      | Reached skill level 1 in Unarmed Combat
  1315 | D:2      | Reached skill level 1 in Spellcasting
  1315 | D:2      | Reached skill level 1 in Evocations
  1319 | D:2      | Reached XP level 4. HP: 38/41 MP: 5/5
  1655 | D:2      | Reached skill level 1 in Conjurations
  1655 | D:2      | Reached skill level 1 in Hexes
  1655 | D:2      | Reached skill level 1 in Charms
  1655 | D:2      | Reached skill level 1 in Summonings
  1655 | D:2      | Reached skill level 1 in Necromancy
  1655 | D:2      | Reached skill level 1 in Translocations
  1655 | D:2      | Reached skill level 1 in Transmutations
  1655 | D:2      | Reached skill level 1 in Fire Magic
  1655 | D:2      | Reached skill level 1 in Ice Magic
  1655 | D:2      | Reached skill level 1 in Air Magic
  1655 | D:2      | Reached skill level 1 in Earth Magic
  1655 | D:2      | Reached skill level 1 in Poison Magic
  2245 | D:2      | Reached XP level 5. HP: 43/47 MP: 6/6
  2393 | D:3      | Found a burning altar of Makhleb.
  2484 | D:3      | Found an ornate altar of the Wu Jian Council.
  3019 | D:3      | Found a hazy altar of Hepliaklqana.
  3203 | D:4      | Noticed an ogre
  3213 | D:4      | Slain by an ogre

Levels and vault maps discovered:
D:1:      erik_arrival_triangle_medium, layout_basic, amethyst_killhole
D:2:      layout_loops_ring, nemelex_xobeh_ov_fountains_minmay,
          nicolae_dithmenos_shadow_blocks, first_ration, serial_undead,
          serial_undead_f, serial_undead_d, serial_undead_b, serial_undead_f
D:3:      layout_basic, lemuel_doored_altar, nicolae_overflow_crystal_walls,
          lemuel_coloured_pillars_altar
D:4:      layout_rooms, overflow_temple_1_default,
          ebering_ghost_reflecting_pool, uniq_ijyb

Skill      XL: |  1  2  3  4 |
---------------+-------------+-----
Invocations    | 1 |  1.7
Short Blades   | 1 |  1.5
Axes           | 1 |  1.5
Maces & Flails | 1 |  1.5
Polearms       | 1 |  1.5
Staves         | 1 |  1.5
Slings         | 1 |  1.5
Bows           | 1 |  1.5
Crossbows      | 1 |  1.5
Throwing       | 1 |  1.5
Dodging        | 1 |  1.5
Stealth        | 1 |  1.5
Unarmed Combat | 1 |  1.5
Spellcasting   | 1 |  1.5
Evocations     | 1 |  1.5
Conjurations   | 1 |  1.2
Hexes          | 1 |  1.2
Charms         | 1 |  1.2
Summonings     | 1 |  1.2
Necromancy     | 1 |  1.2
Translocations | 1 |  1.2
Transmutations | 1 |  1.2
Fire Magic     | 1 |  1.2
Ice Magic      | 1 |  1.2
Air Magic      | 1 |  1.2
Earth Magic    | 1 |  1.2
Poison Magic   | 1 |  1.2
Fighting       | |  6.7
Long Blades    | |  4.8
Armour         | |  6.7
Shields        | |  6.7

Action                   |  1- 3 |  4- 6 || total
-------------------------+-------+-------++-------
Melee: Long sword        |    92 |   157 ||   249
       Bite              |    10 |    22 ||    32
 Stab: Sleeping          |       |     2 ||     2
  Eat: Chunk             |     1 |     6 ||     7
Armor: Scale mail        |    58 |     1 ||    59
       Ring mail         |       |    56 ||    56
Dodge: Dodged            |    35 |    46 ||    81
Block: Shield            |    69 |    93 ||   162
       Rpst.: Long sword |    10 |    15 ||    25

Table legend:
 A = Non-vault XP
 B = Vault XP
 C = Vault XP percentage of total XP
 D = Non-vault monster count
 E = Vault monster count
 F = Vault count percentage of total count
                 A         B        C        D         E       F
            +---------+---------+-------+---------+---------+-------
      Total |     253 |      16 |   5.9 |      79 |       5 |   6.0
            +---------+---------+-------+---------+---------+-------
        D:1 |      43 |       0 |   0.0 |      25 |       0 |   0.0
        D:2 |     133 |      16 |  10.7 |      29 |       5 |  14.7
        D:3 |      77 |       0 |   0.0 |      25 |       0 |   0.0
            +---------+---------+-------+---------+---------+-------
